Map: Blackburn LE

Players

BillyCoen

  • Race: Protoss Protoss

HORSES - Winner!

  • Race: Zerg Zerg

VOD

Have the link to the VOD?

Description

Time

  • Played on: Dec. 11, 2021, 6:42 a.m.
  • Length: 13:02
Show
View Real Time Build Order
Export as new Build Order

BillyCoen Protoss 

Build Orders:  

Get SALT Encoding   

  12  0:01  Probe  
  13  0:13  Probe  
  14  0:21  Pylon  
  14  0:35  Assimilator  
  14  0:39  Probe, Assimilator  
  15  0:51  Probe  
  16  1:03  Probe  
  17  1:08  Pylon  
  17  1:12  Pylon  
  17  1:15  Probe  
  18  1:28  Pylon  
  18  1:35  Forge  
  18  1:36  Probe  
  19  1:49  Probe (Chrono Boost)  
  20  2:01  Probe (Chrono Boost)  
  21  2:19  Photon Cannon  
  21  2:21  Photon Cannon  
  21  2:25  Photon Cannon  
  21  2:29  Probe  
  22  2:47  Gateway  
  22  2:51  Gateway  
  22  2:52  Gateway  
  22  3:08  Gateway  
  22  3:33  Probe  
  23  3:36  Nexus  
  23  3:49  Cybernetics Core  
  23  4:01  Protoss Ground Weapons Level 1 (Chrono Boost)  
  23  4:14  Warp Gate (Chrono Boost)  
  23  4:28  Assimilator  
  23  4:33  Assimilator  
  23  4:58  Probe  
  24  5:10  Probe  
  25  5:22  Probe  
  26  5:34  Probe  
  27  5:46  Probe  
  28  6:02  Protoss Ground Armor Level 1  
  28  6:04  Pylon  
  28  6:07  Pylon  
  28  6:10  Pylon  
  28  6:14  Pylon  
  28  6:19  Pylon  
  28  6:48  Pylon  
  28  6:51  Gateway  
  28  6:52  Gateway  
  28  7:03  Gateway  
  28  7:12  Gateway  
  28  7:13  Gateway  
  28  7:18  Gateway  
  28  7:20  Gateway  
  28  7:22  Gateway  
  28  7:23  Gateway  
  28  7:50  Twilight Council  
  28  7:57  Robotics Facility  
  28  8:11  Protoss Shields Level 1  
  28  8:55  Blink  
  28  10:12  Adept  
  29  10:24  Stalker  
  29  10:25  Stalker x5  
  29  10:26  Stalker x2  
  22  10:56  Stalker x4  
  22  10:57  Stalker x5  
Show
View Real Time Build Order
Export as new Build Order

HORSES Zerg - Winner!

Build Orders: Hatch First 

Get SALT Encoding   

  12  0:11  Drone x2  
  14  0:19  Overlord  
  14  0:37  Overlord x2  
  14  0:44  Drone  
  15  1:01  Drone  
  16  1:06  Hatchery  
  15  1:16  Drone  
  15  1:17  Drone  
  17  1:27  Drone  
  18  1:32  Extractor  
  17  1:42  Spawning Pool  
  17  1:45  Drone  
  17  1:57  Drone  
  18  2:04  Drone  
  19  2:19  Drone  
  20  2:25  Drone x2  
  22  2:32  Drone  
  22  2:34  Queen  
  22  2:36  Queen  
  27  2:43  Zergling x2  
  28  2:46  Drone x2  
  30  3:08  Drone x2  
  30  3:12  Queen  
  34  3:19  Drone  
  37  3:20  Drone x2  
  37  3:23  Zergling x4  
  39  3:34  Lair  
  39  3:57  Zergling x10  
  44  4:05  Overlord  
  44  4:06  Overlord x3  
  44  4:22  Overlord x2  
  44  4:44  Zergling x4  
  46  4:59  Drone x3  
  49  5:04  Extractor  
  48  5:11  Drone x3  
  51  5:43  Drone  
  51  5:48  Zergling x6  
  55  5:53  Drone  
  55  5:54  Drone  
  57  5:57  Zergling x8  
  61  6:26  Hatchery  
  60  6:59  Evolution Chamber  
  59  7:06  Roach Warren  
  58  7:17  Spore Crawler  
  57  7:36  Drone  
  58  7:48  Roach  
  58  7:50  Drone  
  61  8:00  Roach x3  
  61  8:03  Zerg Missile Weapons Level 1  
  61  8:04  Glial Reconstitution  
  67  8:06  Metabolic Boost  
  67  8:09  Drone  
  68  8:15  Roach x4  
  76  8:22  Roach  
  76  8:25  Queen  
  80  8:28  Drone x2  
  80  8:29  Drone  
  83  8:46  Extractor  
  82  9:00  Extractor  
  81  9:28  Roach x7  
  95  9:32  Roach  
  95  9:33  Overlord  
  95  9:37  Overlord x2  
  97  9:51  Overlord x3  
  97  9:57  Zerg Melee Weapons Level 1  
  81  11:23  Roach x5  
  81  11:24  Roach  
  93  11:26  Roach x2  
  93  11:27  Roach x4  
  93  11:28  Zergling x2  
  93  11:29  Roach x5  
Tags
 
Matchup
PvZ
Replay Pack
re
Add a new tag
Caveats
  • Supply blocks, unpowered buildings, or Contaminate may cause inaccurate times.
  • Supply counts are checked every 10 seconds.